Kings vs Jets

Created - January 3 2012 at 17:08

Goals
1 2 3 T
Kings 2 1 2 5
Jets 1 0 0 1
Shots
1 2 3 T
Kings 16 5 9 30
Jets 10 10 6 26

Period #1

1. Kings , Sean Bergenheim 9 (Bryan Allen, Jamie McBain) at 0:29
2. Jets , Mark Giordano 7 (Martin Erat, Frans Nielsen) at 6:13 (PP)
3. Kings , Matt Duchene 18 (Mike Lundin, Joe Corvo) at 13:57

Penalties :
Darroll Powe (LOS) for Holding (Minor) at 2:44, Sergei Samsonov (LOS) for Tripping (Minor) at 6:05, Ryan Malone (WPG) for Charging (Minor) at 7:09, Erik Cole (WPG) for Roughing (Minor) at 11:57, Darroll Powe (LOS) for Hooking (Minor) at 15:24, Brian Boyle (WPG) for Holding (Minor) at 17:32

Period #2

4. Kings , Jamie McBain 10 (Jason Arnott) at 14:14 (PP)

Penalties :
Brian Boyle (WPG) for Roughing (Minor) at 2:20, Mark Giordano (WPG) for Roughing (Minor) at 13:55

Period #3

5. Kings , Matt Duchene 19 (Joe Corvo, Ondrej Pavelec) at 11:26
6. Kings , Jack Hillen 5 (Wojtek Wolski, Evgeny Dadonov) at 18:11

Penalties :
Erik Cole (WPG) for High sticking (Minor) at 3:16, Clarke MacArthur (WPG) for Cross-checking (Minor) at 7:39, Aaron Rome (WPG) for Hooking (Minor) at 11:37, Christian Ehrhoff (WPG) for Roughing (Minor) at 14:28, Jamie McBain (LOS) for Slashing (Minor) at 19:33

Goalie Stats

Ondrej Pavelec (LOS), 25 saves from 26 shots - (0.962), W, 6-11-0, 60:00 minutes
Ilya Bryzgalov (WPG), 25 saves from 30 shots - (0.833), L, 17-14-4, 60:00 minutes

Players Stats

Kings
Player Name              G  A  P  +/- PIM S  H  SB FO    MP 
------------------------------------------------------------
Brian Rolston            0  0  0   1  0   0  0  0  2/2   22 
Bryan Allen              0  1  1   1  0   1  3  1  0/0   21 
Craig Adams              0  0  0   0  0   0  0  0  0/0   0  
Darroll Powe             0  0  0   2  4   0  1  0  9/18  16 
Evgeny Dadonov           0  1  1   2  0   2  0  0  0/0   16 
Jack Hillen              1  0  1   2  0   3  1  4  0/0   15 
Jamie McBain             1  1  2   1  2   3  0  0  0/0   21 
Jason Arnott             0  1  1   1  0   5  0  1  16/29 20 
Joe Corvo                0  2  2   1  0   5  0  3  0/0   24 
Jonathon Blum            0  0  0   2  0   1  1  0  0/0   15 
Magnus Paajarvi          0  0  0   1  0   0  0  0  0/0   7  
Matt Duchene             2  0  2   1  0   4  0  0  13/32 23 
Matt Niskanen            0  0  0   1  0   0  1  1  0/0   6  
Michael Frolik           0  0  0   1  0   0  0  0  0/4   20 
Mike Lundin              0  1  1   0  0   0  0  0  0/0   18 
Sean Bergenheim          1  0  1   1  0   1  4  1  0/0   19 
Sergei Samsonov          0  0  0   0  2   3  3  0  0/1   18 
Wojtek Wolski            0  1  1   2  0   2  0  0  0/2   15 
Jets
Player Name              G  A  P  +/- PIM S  H  SB FO    MP 
------------------------------------------------------------
Aaron Rome               0  0  0   0  2   2  0  0  0/0   6  
Alex Goligoski           0  0  0  -1  0   0  2  0  0/0   15 
Antoine Vermette         0  0  0  -2  0   1  1  0  13/16 15 
Brian Boyle              0  0  0   0  4   0  1  0  4/9   5  
Christian Ehrhoff        0  0  0  -1  2   1  0  2  0/0   21 
Clarke MacArthur         0  0  0  -2  2   1  0  0  0/1   12 
Colby Armstrong          0  0  0  -2  0   1  1  0  0/0   12 
Erik Cole                0  0  0  -1  4   2  0  0  1/1   12 
Frans Nielsen            0  1  1  -1  0   1  0  0  19/29 20 
James Wisniewski         0  0  0  -2  0   0  0  0  0/0   15 
Jordan Caron             0  0  0   0  0   1  0  0  0/0   13 
Marc Staal               0  0  0  -1  0   1  0  2  0/0   22 
Mark Giordano            1  0  1  -2  2   3  2  1  0/0   21 
Martin Erat              0  1  1  -1  0   3  1  0  0/1   15 
Mike Ribeiro             0  0  0  -1  0   4  0  1  11/26 21 
Ryan Callahan            0  0  0  -1  0   1  3  0  0/5   24 
Ryan Malone              0  0  0  -1  2   3  3  0  0/0   15 
Ryan Suter               0  0  0  -1  0   1  3  1  0/0   21 

3 Stars

1 - Matt Duchene (LOS)
2 - Ondrej Pavelec (LOS)
3 - Jack Hillen (LOS)

Power Play

Kings - 1 on 9 Attempt(s) - 11.11%
Jets - 1 on 4 Attempt(s) - 25.00%

Penalty Kill

Kings - 3 on 4 Attempt(s) - 75.00% - Score 0 goal in Penalty Kill
Jets - 8 on 9 Attempt(s) - 88.89% - Score 0 goal in Penalty Kill

Game Notes

No Game Note

Finance

Level 1 -- Attendance: 6000 (100.00%) -- Ticket Income $540,000.00
Level 2 -- Attendance: 5000 (100.00%) -- Ticket Income $235,000.00
Level 3 -- Attendance: 2200 (100.00%) -- Ticket Income $72,600.00
Level 4 -- Attendance: 1015 (100.00%) -- Ticket Income $23,345.00
Luxury Box -- Attendance: 800 (100.00%) -- Ticket Income $136,000.00
Game was played at the MTS Center
Total Attendance: 15015 (100.00%)
Total Ticket Income: $1,077,466.00
Other Income: $206,629.80
Total Income: $1,284,096.00


Play by Play

Period #1

0:01 of 1st period - Frans Nielsen wins face-off versus Michael Frolik in neutral zone.
0:07 of 1st period - Icing by Mike Lundin.
0:08 of 1st period - Mike Ribeiro wins face-off versus Michael Frolik in Kings zone.
0:11 of 1st period - Shot by Mike Ribeiro.
0:11 of 1st period - Stopped by Ondrej Pavelec without a rebound.
0:12 of 1st period - Jason Arnott wins face-off versus Frans Nielsen in Kings zone.
0:29 of 1st period - Shot by Sean Bergenheim.
0:29 of 1st period - Goal by Sean Bergenheim - Kings : 1 - Jets : 0.
0:30 of 1st period - Matt Duchene wins face-off versus Mike Ribeiro in neutral zone.
0:52 of 1st period - Shot by Mike Ribeiro.
0:52 of 1st period - Shot Blocked by Joe Corvo.
1:21 of 1st period - Icing by Joe Corvo.
1:22 of 1st period - Matt Duchene wins face-off versus Frans Nielsen in Kings zone.
1:40 of 1st period - Icing by Sean Bergenheim.
1:41 of 1st period - Antoine Vermette wins face-off versus Jason Arnott in Kings zone.
1:47 of 1st period - Jamie McBain is hit by Colby Armstrong and loses puck.
2:00 of 1st period - Jason Arnott is hit by Mark Giordano and loses puck.
2:14 of 1st period - Off-side.
2:15 of 1st period - Darroll Powe wins face-off versus Ryan Callahan in neutral zone.
2:44 of 1st period - Minor Penalty to Darroll Powe for Holding.
2:45 of 1st period - Matt Duchene wins face-off versus Frans Nielsen in Kings zone.
3:35 of 1st period - Christian Ehrhoff is hit by Sergei Samsonov and loses puck.
3:54 of 1st period - Shot by Mike Ribeiro.
3:54 of 1st period - Stopped by Ondrej Pavelec without a rebound.
3:55 of 1st period - Mike Ribeiro wins face-off versus Matt Duchene in Kings zone.
4:10 of 1st period - Shot by Christian Ehrhoff.
4:10 of 1st period - Stopped by Ondrej Pavelec with a rebound.
4:14 of 1st period - Shot by Ryan Callahan.
4:14 of 1st period - Deflect By Mike Ribeiro.
4:14 of 1st period - Stopped by Ondrej Pavelec without a rebound.
4:15 of 1st period - Frans Nielsen wins face-off versus Matt Duchene in Kings zone.
4:48 of 1st period - Shot by Marc Staal.
4:48 of 1st period - Shot Blocked by Jack Hillen.
4:50 of 1st period - Shot by Jordan Caron.
4:50 of 1st period - Stopped by Ondrej Pavelec without a rebound.
4:51 of 1st period - Darroll Powe wins face-off versus Brian Boyle in Kings zone.
5:24 of 1st period - Shot by Jonathon Blum.
5:24 of 1st period - Stopped by Ilya Bryzgalov with a rebound.
5:35 of 1st period - Icing by Marc Staal.
5:36 of 1st period - Brian Boyle wins face-off versus Jason Arnott in Jets zone.
5:46 of 1st period - Icing by Bryan Allen.
5:47 of 1st period - Jason Arnott wins face-off versus Mike Ribeiro in Kings zone.
6:04 of 1st period - Shot by Jason Arnott.
6:04 of 1st period - Stopped by Ilya Bryzgalov without a rebound.
6:05 of 1st period - Antoine Vermette wins face-off versus Matt Duchene in Jets zone.
6:05 of 1st period - Minor Penalty to Sergei Samsonov for Tripping.
6:06 of 1st period - Frans Nielsen wins face-off versus Matt Duchene in Kings zone.
6:07 of 1st period - Shot by Ryan Malone.
6:07 of 1st period - Shot Misses the Net.
6:11 of 1st period - Shot by Martin Erat.
6:11 of 1st period - Shot Misses the Net.
6:13 of 1st period - Shot by Mark Giordano.
6:13 of 1st period - Goal by Mark Giordano - Kings : 1 - Jets : 1.
6:14 of 1st period - Antoine Vermette wins face-off versus Matt Duchene in neutral zone.
6:39 of 1st period - Shot by Matt Duchene.
6:39 of 1st period - Stopped by Ilya Bryzgalov without a rebound.
6:40 of 1st period - Mike Ribeiro wins face-off versus Wojtek Wolski in Jets zone.
7:06 of 1st period - Shot by Mike Ribeiro.
7:06 of 1st period - Shot Misses the Net.
7:08 of 1st period - Shot by Ryan Malone.
7:08 of 1st period - Shot Blocked by Jack Hillen.
7:09 of 1st period - Minor Penalty to Ryan Malone for Charging.
7:10 of 1st period - Brian Rolston wins face-off versus Ryan Callahan in Jets zone.
7:18 of 1st period - Sean Bergenheim is hit by Ryan Suter and loses puck.
7:43 of 1st period - Shot by Jamie McBain.
7:43 of 1st period - Shot Misses the Net.
7:45 of 1st period - Shot by Sean Bergenheim.
7:45 of 1st period - Shot Blocked by Mike Ribeiro.
7:49 of 1st period - Shot by Jason Arnott.
7:49 of 1st period - Shot Blocked by Christian Ehrhoff.
8:26 of 1st period - Shot by Joe Corvo.
8:26 of 1st period - Deflect By Matt Duchene.
8:26 of 1st period - Shot Blocked by Marc Staal.
9:43 of 1st period - Icing by Clarke MacArthur.
9:44 of 1st period - Matt Duchene wins face-off versus Antoine Vermette in Jets zone.
9:57 of 1st period - Antoine Vermette is hit by Matt Niskanen and loses puck.
10:07 of 1st period - Off-side.
10:08 of 1st period - Darroll Powe wins face-off versus Brian Boyle in neutral zone.
10:52 of 1st period - Off-side.
10:53 of 1st period - Jason Arnott wins face-off versus Mike Ribeiro in neutral zone.
11:12 of 1st period - Icing by Brian Rolston.
11:13 of 1st period - Jason Arnott wins face-off versus Antoine Vermette in Kings zone.
11:57 of 1st period - Minor Penalty to Erik Cole for Roughing.
11:58 of 1st period - Frans Nielsen wins face-off versus Matt Duchene in Jets zone.
12:12 of 1st period - Icing by Joe Corvo.
12:13 of 1st period - Frans Nielsen wins face-off versus Matt Duchene in Kings zone.
13:00 of 1st period - Shot by Bryan Allen.
13:00 of 1st period - Stopped by Ilya Bryzgalov with a rebound.
13:02 of 1st period - Shot by Sean Bergenheim.
13:02 of 1st period - Shot Misses the Net.
13:04 of 1st period - Shot by Jason Arnott.
13:04 of 1st period - Stopped by Ilya Bryzgalov without a rebound.
13:05 of 1st period - Mike Ribeiro wins face-off versus Matt Duchene in Jets zone.
13:15 of 1st period - Off-side.
13:16 of 1st period - Jason Arnott wins face-off versus Mike Ribeiro in neutral zone.
13:19 of 1st period - Shot by Jamie McBain.
13:19 of 1st period - Stopped by Ilya Bryzgalov without a rebound.
13:20 of 1st period - Frans Nielsen wins face-off versus Jason Arnott in Jets zone.
13:30 of 1st period - Off-side.
13:31 of 1st period - Matt Duchene wins face-off versus Frans Nielsen in neutral zone.
13:51 of 1st period - Shot by Matt Duchene.
13:51 of 1st period - Shot Misses the Net.
13:53 of 1st period - Shot by Joe Corvo.
13:53 of 1st period - Shot Misses the Net.
13:55 of 1st period - Shot by Mike Lundin.
13:55 of 1st period - Shot Misses the Net.
13:57 of 1st period - Shot by Matt Duchene.
13:57 of 1st period - Goal by Matt Duchene - Kings : 2 - Jets : 1.
13:58 of 1st period - Mike Ribeiro wins face-off versus Darroll Powe in neutral zone.
14:08 of 1st period - Jack Hillen is hit by Ryan Malone and loses puck.
14:21 of 1st period - Shot by Ryan Malone.
14:21 of 1st period - Shot Blocked by Jack Hillen.
14:27 of 1st period - Shot by Ryan Malone.
14:27 of 1st period - Stopped by Ondrej Pavelec without a rebound.
14:28 of 1st period - Jason Arnott wins face-off versus Clarke MacArthur in Kings zone.
14:34 of 1st period - Icing by Sean Bergenheim.
14:35 of 1st period - Jason Arnott wins face-off versus Brian Boyle in Kings zone.
14:35 of 1st period - Bryan Allen is hit by Brian Boyle and loses puck.
14:48 of 1st period - Shot by Marc Staal.
14:48 of 1st period - Shot Blocked by Jason Arnott.
14:54 of 1st period - Shot by Aaron Rome.
14:54 of 1st period - Stopped by Ondrej Pavelec with a rebound.
14:56 of 1st period - Shot by Marc Staal.
14:56 of 1st period - Stopped by Ondrej Pavelec without a rebound.
14:57 of 1st period - Matt Duchene wins face-off versus Antoine Vermette in Kings zone.
15:04 of 1st period - Shot by Joe Corvo.
15:04 of 1st period - Deflect By Matt Duchene.
15:04 of 1st period - Stopped by Ilya Bryzgalov without a rebound.
15:05 of 1st period - Darroll Powe wins face-off versus Mike Ribeiro in Jets zone.
15:05 of 1st period - Darroll Powe is hit by Alex Goligoski.
15:07 of 1st period - Shot by Wojtek Wolski.
15:07 of 1st period - Shot Misses the Net.
15:09 of 1st period - Shot by Jack Hillen.
15:09 of 1st period - Stopped by Ilya Bryzgalov without a rebound.
15:10 of 1st period - Antoine Vermette wins face-off versus Matt Duchene in Jets zone.
15:23 of 1st period - Shot by Joe Corvo.
15:23 of 1st period - Stopped by Ilya Bryzgalov without a rebound.
15:24 of 1st period - Frans Nielsen wins face-off versus Darroll Powe in Jets zone.
15:24 of 1st period - Minor Penalty to Darroll Powe for Hooking.
15:25 of 1st period - Matt Duchene wins face-off versus Mike Ribeiro in Kings zone.
15:52 of 1st period - Shot by Ryan Suter.
15:52 of 1st period - Stopped by Ondrej Pavelec without a rebound.
15:53 of 1st period - Brian Rolston wins face-off versus Martin Erat in Kings zone.
16:10 of 1st period - Shot by Mark Giordano.
16:10 of 1st period - Shot Misses the Net.
17:32 of 1st period - Minor Penalty to Brian Boyle for Holding.
17:33 of 1st period - Jason Arnott wins face-off versus Mike Ribeiro in Jets zone.
17:33 of 1st period - Jamie McBain is hit by Mark Giordano and loses puck.
17:38 of 1st period - Shot by Jason Arnott.
17:38 of 1st period - Stopped by Ilya Bryzgalov without a rebound.
17:39 of 1st period - Matt Duchene wins face-off versus Frans Nielsen in Jets zone.
17:46 of 1st period - Shot by Joe Corvo.
17:46 of 1st period - Stopped by Ilya Bryzgalov with a rebound.
17:48 of 1st period - Shot by Joe Corvo.
17:48 of 1st period - Stopped by Ilya Bryzgalov with a rebound.
17:50 of 1st period - Shot by Joe Corvo.
17:50 of 1st period - Shot Misses the Net.
17:52 of 1st period - Shot by Joe Corvo.
17:52 of 1st period - Shot Blocked by Marc Staal.
17:56 of 1st period - Shot by Sergei Samsonov.
17:56 of 1st period - Shot Misses the Net.
18:00 of 1st period - Shot by Sergei Samsonov.
18:00 of 1st period - Stopped by Ilya Bryzgalov with a rebound.
18:04 of 1st period - Shot by Joe Corvo.
18:04 of 1st period - Stopped by Ilya Bryzgalov without a rebound.
18:05 of 1st period - Jason Arnott wins face-off versus Mike Ribeiro in Jets zone.
19:24 of 1st period - Off-side.
19:25 of 1st period - Jason Arnott wins face-off versus Mike Ribeiro in neutral zone.
19:44 of 1st period - Shot by Evgeny Dadonov.
19:44 of 1st period - Shot Misses the Net.

Period #2

0:01 of 2nd period - Matt Duchene wins face-off versus Ryan Callahan in neutral zone.
0:14 of 2nd period - Icing by Marc Staal.
0:15 of 2nd period - Erik Cole wins face-off versus Jason Arnott in Jets zone.
0:15 of 2nd period - Erik Cole is hit by Sean Bergenheim.
0:41 of 2nd period - Ryan Suter is hit by Bryan Allen and loses puck.
0:45 of 2nd period - Erik Cole is hit by Bryan Allen and loses puck.
2:18 of 2nd period - Icing by Jack Hillen.
2:19 of 2nd period - Darroll Powe wins face-off versus Brian Boyle in Kings zone.
2:19 of 2nd period - Wojtek Wolski is hit by Ryan Callahan and loses puck.
2:20 of 2nd period - Minor Penalty to Brian Boyle for Roughing.
2:21 of 2nd period - Frans Nielsen wins face-off versus Jason Arnott in Jets zone.
2:32 of 2nd period - Frans Nielsen is hit by Sean Bergenheim and loses puck.
3:11 of 2nd period - Icing by Sergei Samsonov.
3:12 of 2nd period - Frans Nielsen wins face-off versus Matt Duchene in Kings zone.
4:45 of 2nd period - Off-side.
4:46 of 2nd period - Matt Duchene wins face-off versus Frans Nielsen in neutral zone.
4:48 of 2nd period - Joe Corvo is hit by Ryan Suter and loses puck.
5:08 of 2nd period - Shot by Erik Cole.
5:08 of 2nd period - Shot Blocked by Matt Niskanen.
5:12 of 2nd period - Shot by Erik Cole.
5:12 of 2nd period - Shot Misses the Net.
5:35 of 2nd period - Icing by Michael Frolik.
5:36 of 2nd period - Mike Ribeiro wins face-off versus Matt Duchene in Kings zone.
5:39 of 2nd period - Shot by Martin Erat.
5:39 of 2nd period - Deflect By Ryan Malone.
5:39 of 2nd period - Shot Misses the Net.
6:54 of 2nd period - Jason Arnott is hit by Antoine Vermette and loses puck.
8:29 of 2nd period - Shot by Evgeny Dadonov.
8:29 of 2nd period - Stopped by Ilya Bryzgalov with a rebound.
8:31 of 2nd period - Shot by Jack Hillen.
8:31 of 2nd period - Stopped by Ilya Bryzgalov without a rebound.
8:32 of 2nd period - Brian Boyle wins face-off versus Wojtek Wolski in Jets zone.
10:16 of 2nd period - Shot by Ryan Callahan.
10:16 of 2nd period - Shot Misses the Net.
10:18 of 2nd period - Shot by Marc Staal.
10:18 of 2nd period - Shot Blocked by Joe Corvo.
10:20 of 2nd period - Shot by Marc Staal.
10:20 of 2nd period - Shot Blocked by Joe Corvo.
10:40 of 2nd period - Shot by Erik Cole.
10:40 of 2nd period - Stopped by Ondrej Pavelec without a rebound.
10:41 of 2nd period - Antoine Vermette wins face-off versus Jason Arnott in Kings zone.
11:04 of 2nd period - Shot by Clarke MacArthur.
11:04 of 2nd period - Stopped by Ondrej Pavelec without a rebound.
11:05 of 2nd period - Brian Boyle wins face-off versus Darroll Powe in Kings zone.
11:06 of 2nd period - Shot by Ryan Callahan.
11:06 of 2nd period - Stopped by Ondrej Pavelec without a rebound.
11:07 of 2nd period - Brian Boyle wins face-off versus Darroll Powe in Kings zone.
11:07 of 2nd period - Ryan Callahan is hit by Jonathon Blum and loses puck.
11:33 of 2nd period - Shot by Brian Boyle.
11:33 of 2nd period - Shot Misses the Net.
11:35 of 2nd period - Shot by Aaron Rome.
11:35 of 2nd period - Stopped by Ondrej Pavelec without a rebound.
11:36 of 2nd period - Jason Arnott wins face-off versus Mike Ribeiro in Kings zone.
12:07 of 2nd period - Shot by Mike Ribeiro.
12:07 of 2nd period - Stopped by Ondrej Pavelec without a rebound.
12:08 of 2nd period - Antoine Vermette wins face-off versus Darroll Powe in Kings zone.
12:13 of 2nd period - Shot by Antoine Vermette.
12:13 of 2nd period - Shot Blocked by Jack Hillen.
12:17 of 2nd period - Shot by Antoine Vermette.
12:17 of 2nd period - Stopped by Ondrej Pavelec without a rebound.
12:18 of 2nd period - Frans Nielsen wins face-off versus Darroll Powe in Kings zone.
12:57 of 2nd period - Erik Cole is hit by Jack Hillen.
13:38 of 2nd period - Jason Arnott is hit by Alex Goligoski and loses puck.
13:41 of 2nd period - Shot by Jamie McBain.
13:41 of 2nd period - Stopped by Ilya Bryzgalov without a rebound.
13:42 of 2nd period - Antoine Vermette wins face-off versus Michael Frolik in Jets zone.
13:42 of 2nd period - Clarke MacArthur is hit by Sergei Samsonov and loses puck.
13:55 of 2nd period - Minor Penalty to Mark Giordano for Roughing.
13:56 of 2nd period - Mike Ribeiro wins face-off versus Jason Arnott in Jets zone.
14:05 of 2nd period - Christian Ehrhoff is hit by Sean Bergenheim and loses puck.
14:14 of 2nd period - Shot by Jamie McBain.
14:14 of 2nd period - Goal by Jamie McBain - Kings : 3 - Jets : 1.
14:15 of 2nd period - Antoine Vermette wins face-off versus Matt Duchene in neutral zone.
14:48 of 2nd period - Shot by Clarke MacArthur.
14:48 of 2nd period - Shot Misses the Net.
16:11 of 2nd period - Icing by Christian Ehrhoff.
16:12 of 2nd period - Matt Duchene wins face-off versus Mike Ribeiro in Jets zone.
16:31 of 2nd period - Shot by Ryan Malone.
16:31 of 2nd period - Deflect By Martin Erat.
16:31 of 2nd period - Stopped by Ondrej Pavelec without a rebound.
16:32 of 2nd period - Frans Nielsen wins face-off versus Darroll Powe in Kings zone.
16:41 of 2nd period - Ryan Suter is hit by Darroll Powe and loses puck.
16:58 of 2nd period - Shot by Darroll Powe.
16:58 of 2nd period - Deflect By Wojtek Wolski.
16:58 of 2nd period - Shot Misses the Net.
17:06 of 2nd period - Shot by Wojtek Wolski.
17:06 of 2nd period - Stopped by Ilya Bryzgalov without a rebound.
17:07 of 2nd period - Antoine Vermette wins face-off versus Matt Duchene in Jets zone.
17:22 of 2nd period - Shot by Antoine Vermette.
17:22 of 2nd period - Shot Misses the Net.
17:24 of 2nd period - Shot by Colby Armstrong.
17:24 of 2nd period - Shot Misses the Net.
17:28 of 2nd period - Shot by Colby Armstrong.
17:28 of 2nd period - Stopped by Ondrej Pavelec with a rebound.
17:30 of 2nd period - Shot by Mark Giordano.
17:30 of 2nd period - Stopped by Ondrej Pavelec with a rebound.
17:32 of 2nd period - Shot by Mark Giordano.
17:32 of 2nd period - Shot Misses the Net.
18:11 of 2nd period - Shot by Ryan Malone.
18:11 of 2nd period - Stopped by Ondrej Pavelec without a rebound.
18:12 of 2nd period - Frans Nielsen wins face-off versus Jason Arnott in Kings zone.
19:07 of 2nd period - Icing by Bryan Allen.
19:08 of 2nd period - Jason Arnott wins face-off versus Mike Ribeiro in Kings zone.
19:08 of 2nd period - Jason Arnott is hit by Ryan Malone.
19:44 of 2nd period - Shot by Evgeny Dadonov.
19:44 of 2nd period - Shot Misses the Net.
19:50 of 2nd period - Darroll Powe is hit by Martin Erat.

Period #3

0:01 of 3rd period - Frans Nielsen wins face-off versus Matt Duchene in neutral zone.
1:12 of 3rd period - Shot by Martin Erat.
1:12 of 3rd period - Shot Misses the Net.
1:14 of 3rd period - Shot by Ryan Malone.
1:14 of 3rd period - Stopped by Ondrej Pavelec without a rebound.
1:15 of 3rd period - Antoine Vermette wins face-off versus Jason Arnott in Kings zone.
1:22 of 3rd period - Mark Giordano is hit by Sean Bergenheim and loses puck.
1:27 of 3rd period - Shot by Sean Bergenheim.
1:27 of 3rd period - Deflect By Jason Arnott.
1:27 of 3rd period - Shot Misses the Net.
1:29 of 3rd period - Shot by Sean Bergenheim.
1:29 of 3rd period - Shot Misses the Net.
1:31 of 3rd period - Shot by Jason Arnott.
1:31 of 3rd period - Stopped by Ilya Bryzgalov without a rebound.
1:32 of 3rd period - Darroll Powe wins face-off versus Mike Ribeiro in Jets zone.
2:39 of 3rd period - Icing by Clarke MacArthur.
2:40 of 3rd period - Antoine Vermette wins face-off versus Jason Arnott in Jets zone.
3:03 of 3rd period - Icing by James Wisniewski.
3:04 of 3rd period - Antoine Vermette wins face-off versus Matt Duchene in Jets zone.
3:16 of 3rd period - Minor Penalty to Erik Cole for High sticking.
3:17 of 3rd period - Frans Nielsen wins face-off versus Matt Duchene in Jets zone.
3:17 of 3rd period - Frans Nielsen is hit by Sergei Samsonov.
4:56 of 3rd period - Shot by Sergei Samsonov.
4:56 of 3rd period - Stopped by Ilya Bryzgalov without a rebound.
4:57 of 3rd period - Darroll Powe wins face-off versus Mike Ribeiro in Jets zone.
5:14 of 3rd period - Shot by Joe Corvo.
5:14 of 3rd period - Shot Misses the Net.
5:58 of 3rd period - Icing by Jonathon Blum.
5:59 of 3rd period - Darroll Powe wins face-off versus Ryan Callahan in Kings zone.
5:59 of 3rd period - Darroll Powe is hit by Ryan Callahan.
6:25 of 3rd period - Icing by Erik Cole.
6:26 of 3rd period - Frans Nielsen wins face-off versus Jason Arnott in Jets zone.
6:40 of 3rd period - Erik Cole is hit by Bryan Allen and loses puck.
6:44 of 3rd period - Icing by Jamie McBain.
6:45 of 3rd period - Jason Arnott wins face-off versus Mike Ribeiro in Kings zone.
6:56 of 3rd period - Shot by Ryan Malone.
6:56 of 3rd period - Shot Blocked by Sean Bergenheim.
7:00 of 3rd period - Shot by Ryan Malone.
7:00 of 3rd period - Shot Blocked by Bryan Allen.
7:39 of 3rd period - Minor Penalty to Clarke MacArthur for Cross-checking.
7:40 of 3rd period - Frans Nielsen wins face-off versus Matt Duchene in Jets zone.
10:48 of 3rd period - Shot by Martin Erat.
10:48 of 3rd period - Stopped by Ondrej Pavelec with a rebound.
11:26 of 3rd period - Shot by Matt Duchene.
11:26 of 3rd period - Goal by Matt Duchene - Kings : 4 - Jets : 1.
11:27 of 3rd period - Jason Arnott wins face-off versus Brian Boyle in neutral zone.
11:37 of 3rd period - Minor Penalty to Aaron Rome for Hooking.
11:38 of 3rd period - Matt Duchene wins face-off versus Frans Nielsen in Jets zone.
11:45 of 3rd period - Shot by Matt Duchene.
11:45 of 3rd period - Shot Misses the Net.
11:47 of 3rd period - Shot by Mike Lundin.
11:47 of 3rd period - Shot Misses the Net.
11:49 of 3rd period - Shot by Mike Lundin.
11:49 of 3rd period - Shot Blocked by Ryan Suter.
11:53 of 3rd period - Shot by Matt Duchene.
11:53 of 3rd period - Shot Misses the Net.
11:55 of 3rd period - Shot by Sergei Samsonov.
11:55 of 3rd period - Stopped by Ilya Bryzgalov without a rebound.
11:56 of 3rd period - Mike Ribeiro wins face-off versus Jason Arnott in Jets zone.
12:45 of 3rd period - Shot by Joe Corvo.
12:45 of 3rd period - Shot Blocked by Christian Ehrhoff.
12:47 of 3rd period - Shot by Matt Duchene.
12:47 of 3rd period - Shot Misses the Net.
12:49 of 3rd period - Shot by Mike Lundin.
12:49 of 3rd period - Shot Misses the Net.
12:51 of 3rd period - Shot by Joe Corvo.
12:51 of 3rd period - Stopped by Ilya Bryzgalov without a rebound.
12:52 of 3rd period - Mike Ribeiro wins face-off versus Darroll Powe in Jets zone.
13:10 of 3rd period - Icing by Joe Corvo.
13:11 of 3rd period - Frans Nielsen wins face-off versus Sergei Samsonov in Kings zone.
14:28 of 3rd period - Minor Penalty to Christian Ehrhoff for Roughing.
14:29 of 3rd period - Jason Arnott wins face-off versus Frans Nielsen in Jets zone.
14:44 of 3rd period - Shot by Bryan Allen.
14:44 of 3rd period - Deflect By Jason Arnott.
14:44 of 3rd period - Stopped by Ilya Bryzgalov without a rebound.
14:45 of 3rd period - Matt Duchene wins face-off versus Frans Nielsen in Jets zone.
16:50 of 3rd period - Shot by Evgeny Dadonov.
16:50 of 3rd period - Deflect By Wojtek Wolski.
16:50 of 3rd period - Shot Misses the Net.
16:55 of 3rd period - Off-side.
16:56 of 3rd period - Frans Nielsen wins face-off versus Matt Duchene in neutral zone.
17:21 of 3rd period - Shot by Erik Cole.
17:21 of 3rd period - Stopped by Ondrej Pavelec without a rebound.
17:22 of 3rd period - Antoine Vermette wins face-off versus Jason Arnott in Kings zone.
18:05 of 3rd period - Shot by Evgeny Dadonov.
18:05 of 3rd period - Shot Blocked by Mark Giordano.
18:07 of 3rd period - Shot by Evgeny Dadonov.
18:07 of 3rd period - Stopped by Ilya Bryzgalov with a rebound.
18:09 of 3rd period - Shot by Wojtek Wolski.
18:09 of 3rd period - Stopped by Ilya Bryzgalov with a rebound.
18:11 of 3rd period - Shot by Jack Hillen.
18:11 of 3rd period - Goal by Jack Hillen - Kings : 5 - Jets : 1.
18:12 of 3rd period - Mike Ribeiro wins face-off versus Michael Frolik in neutral zone.
18:15 of 3rd period - Michael Frolik is hit by Ryan Malone and loses puck.
18:43 of 3rd period - Shot by Martin Erat.
18:43 of 3rd period - Shot Misses the Net.
18:45 of 3rd period - Shot by Martin Erat.
18:45 of 3rd period - Stopped by Ondrej Pavelec without a rebound.
18:46 of 3rd period - Darroll Powe wins face-off versus Ryan Callahan in Kings zone.
18:46 of 3rd period - Darroll Powe is hit by Ryan Callahan.
18:51 of 3rd period - Jonathon Blum is hit by Ryan Suter.
19:15 of 3rd period - Icing by Frans Nielsen.
19:16 of 3rd period - Jason Arnott wins face-off versus Frans Nielsen in Jets zone.
19:33 of 3rd period - Minor Penalty to Jamie McBain for Slashing.
19:34 of 3rd period - Frans Nielsen wins face-off versus Matt Duchene in Kings zone.
19:43 of 3rd period - Shot by Frans Nielsen.
19:43 of 3rd period - Stopped by Ondrej Pavelec with a rebound.
19:45 of 3rd period - Shot by Mark Giordano.
19:45 of 3rd period - Stopped by Ondrej Pavelec without a rebound.
19:46 of 3rd period - Mike Ribeiro wins face-off versus Darroll Powe in Kings zone.


Output by the SimonT Hockey Simulator (STHS) for Stephane Roy -- Original Page W3C XHTML 1.0 Valid